 Dungeon Crawl Stone Soup version 0.28-a0-1213-g0243856f03 (webtiles) character file.

Game seed: 11497233306115628650

44 ytrimaz the Insei (level 3, -5/23 HPs)
             Began as an Octopode Transmuter on Dec 21, 2021.
             Slain by a gnoll (12 damage)
             ... on level 2 of the Dungeon.
             The game lasted 00:00:57 (1405 turns).

ytrimaz the Insei (Octopode Transmuter)             Turns: 1405, Time: 00:00:57

Health: -5/23      AC:  1    Str: 15    XL:     3   Next: 60%
Magic:  4/7        EV: 13    Int: 17    God:
Gold:   99         SH:  0    Dex: 12    Spells: 1/7 levels left

rFire   . . .      SeeInvis .     - Unarmed
rCold   . . .      Faith    .   (no shield)
rNeg    . . .      Spirit   .   (helmet restricted)
rPois   .          Reflect  .   (no amulet)
rElec   .          Harm     .   b - +6 ring of strength
rCorr   .          Rampage  .   (no ring)
Will    .....                   (no ring)
Stlth   ++........              (no ring)
HPRegen 0.07/turn               (no ring)
MPRegen 0.10/turn               (no ring)
                                (no ring)
                                (no ring)

@: no status effects
A: almost no armour, amphibious, 8 rings, camouflage 1, gelatinous body 1,
(nimble swimmer 1), tentacles
a: no special abilities


You were on level 2 of the Dungeon.
You visited 1 branch of the dungeon, and saw 2 of its levels.

You collected 99 gold pieces.

Inventory:

Jewellery
 b - a +6 ring of strength (left tentacle)
Scrolls
 a - a scroll of identify
 c - 2 scrolls of noise
Potions
 d - a potion of berserk rage {unknown}


   Skills:
 * Level 1.4 Fighting
 * Level 2.3 Dodging
 + Level 3.3 Unarmed Combat
 * Level 2.6 Spellcasting
 * Level 2.3 Transmutations


You had one spell level left.
You knew the following spells:

 Your Spells              Type           Power      Damage    Failure   Level
a - Beastly Appendage     Tmut           20%        N/A       7%          1
b - Wereblood             Tmut           10%        N/A       11%         2
c - Spider Form           Tmut/Pois      6%         N/A       32%         3

Your spell library contained the following spells:

 Spells                   Type           Power      Damage    Failure   Level
 Ice Form                 Ice/Tmut       6%         N/A       73%         4


Dungeon Overview and Level Annotations

Branches:
Dungeon (2/15)

Altars:

Shops:
D:2 [


Innate Abilities, Weirdness & Mutations

You cannot wear most types of armour.
You are amphibious.
You can wear up to eight rings at the same time.
Your skin changes colour to match your surroundings (Stealth+).
Your rubbery body absorbs attacks. (AC +1, EV +1)
((You are camouflaged when in or above water. (Stealth+)))
You have tentacles for arms and can constrict up to eight enemies at once.


Message History

The spell is extremely dangerous to miscast (34% risk of failure)!
Continue anyway?
Your tentacle spike disappears.
You turn into a venomous arachnid creature.
Unknown command. 2 gnolls come into view.
The gnoll shouts! x3
A gnoll comes into view. It is wielding a +0 club.
The gnoll shouts!
Your transformation is almost over.
The gnoll completely misses you.
Unknown command.
The gnoll hits you from afar with a +0 halberd.
Casting: Spider Form (potentially lethal; 56% risk of failure)
Confirm with . or Enter, or press ? or * to list all spells.
The spell is quite dangerous to miscast (26% risk of failure)!
Continue anyway?
Okay, then.
The gnoll hits you with a +0 whip. The gnoll closely misses you.
You hit the gnoll.
The gnoll is poisoned.
The gnoll is heavily wounded.
The gnoll misses you. The gnoll closely misses you.
You hit the gnoll.
The gnoll looks as sick as possible!
The gnoll is almost dead.
You kill the gnoll!
The gnoll barely misses you. The gnoll misses you. x2
Things that are here:
a +0 whip; a gnoll corpse You hit the gnoll.
The gnoll is poisoned.
The gnoll is moderately wounded.
Your transformation has ended.
The gnoll hits you with a +0 halberd. The gnoll misses you.
You barely miss the gnoll. You grab the gnoll.
The gnoll is moderately wounded.
You constrict the gnoll. The gnoll closely misses you. x2
You tentacle-slap the gnoll.
The gnoll is heavily wounded.
You constrict the gnoll. The gnoll hits you with a +0 halberd.
The gnoll hits you from afar with a +0 halberd!
Ouch! That really hurt!
You die...

#∩.....# #.........#
#......# #.........#
##<#######.........#
#.#...............#
###...#####.........#
####....##
#.........# .....####
#....[....# ..##.#
###.####### #....#
#@#
##..############g#
#...##.....#...gg#
#.#.#.............#
..#................#
...................#
###................#
#................#
#.................


You could see 3 gnolls.

Vanquished Creatures
  A gnoll (D:2)
  An adder (D:2)
  A dart slug (D:1)
  A bat (D:1)
  5 endoplasms (D:1)
  2 giant cockroaches (D:1)
  3 goblins (D:1)
  2 jackals (D:1)
  A frilled lizard (D:1)
  A kobold (D:1)
  4 rats
22 creatures vanquished.

Notes
Turn   | Place    | Note
-------+----------+-------------------------------------------
     0 | D:1      | ytrimaz the Octopode Transmuter began the quest for the
                  | Orb.
     0 | D:1      | Reached XP level 1. HP: 13/13 MP: 3/3
   390 | D:1      | Reached XP level 2. HP: 17/18 MP: 3/5
  1286 | D:1      | Reached XP level 3. HP: 23/23 MP: 4/6
  1289 | D:1      | Learned a level 2 spell: Wereblood
  1293 | D:1      | Learned a level 3 spell: Spider Form
  1358 | D:2      | Found Poliet's Armour Boutique.
  1405 | D:2      | Slain by a gnoll

Illustrated notes

Levels and vault maps discovered:
D:1:      dpeg_arrival_radiant, layout_basic
D:2:      layout_rooms, serial_shops, nicolae_shop_hallway_plus, shop, shop,
          shop, nicolae_shop_crystal, minmay_nonomino_d4, uniq_jessica

Action                   || total
-------------------------++-------
Melee: Unarmed           ||    45
       Kick              ||    12
       Constrict         ||    10
       Tentacles         ||     5
       Punch             ||     2
 Cast: Beastly Appendage ||    16
       Spider Form       ||     1
  Use: Scroll            ||     1
 Stab: Sleeping          ||     7
Armor: Skin              ||     1
Dodge: Dodged            ||    34

Table legend: (Time is in decaauts)
 A = Elapsed time spent in this place.
 B = Non-inter-level travel time spent in this place.
 C = Inter-level travel time spent in this place.
 D = Time resting spent in this place.
 E = Time spent auto-exploring this place.
 F = Levels seen in this place.
 G = Mean time per level.
                   A        B        C        D        E       F      G
               +--------+--------+--------+--------+--------+-----+--------+
         Total |   1401 |   1390 |     11 |      0 |   1201 |   2 |  700.5 |
       Dungeon |   1401 |   1390 |     11 |      0 |   1201 |   2 |  700.5 |
               +--------+--------+--------+--------+--------+-----+--------+

Top non-repeatable levels by time:
     D:1: 1311 daAuts
     D:2: 90 daAuts
